AoeStats
← Chuckles

Hideout

509231409Analyzed
1v1 RM · 7d ago on Sep 26, 2026· 36m 53s· 2 players
Game mode
Random Map
Map size
Tiny (2 player)
Population
200
Speed
Normal
Resources
Standard
Victory
Conquest
Starting age
Dark Age
Ending age
Imperial Age
RankedLock teamsTeams togetherTeam positionsShared explorationLock speedFull tech treeHidden civsTurbo modeCheats
Victory
Defeat
🇪🇨 Persians · Ecuador
828
+16
🇺🇸 Koreans · United States
820
-38
Chuckles
10:23 Feudal Age
18:39 Loom
27:20 Scale Mail Armor
27:31 Forging
28:13 Horse Collar
28:20 Double-Bit Axe
29:20 Stone Mining
32:14 Gold Mining
karkos13
5:24 Loom
9:30 Feudal Age
9:39 Man-at-Arms
13:22 Bloodlines
23:18 Castle Age
29:10 Double-Bit Axe
30:35 Husbandry
29:58 Elite Skirmisher
31:54 Bow Saw
31:26 Horse Collar
35:48 Scale Barding Armor
Connection lost

Rejoining the realm…

Still unreachable

The connection could not be restored.

Session expired

The server has moved on; the page needs a fresh start.